 Dungeon Crawl Stone Soup version 0.24.0-13-gcf9b319 (webtiles) character file.

Game seed: 13013555340481665766, levelgen mode: deterministic

80 Darlock the Covered (level 4, 0/40 HPs)
             Began as a Deep Dwarf Fighter on Dec 17, 2019.
             Slain by a goblin (1 damage)
             ... on level 3 of the Dungeon.
             The game lasted 00:05:09 (1043 turns).

Darlock the Covered (Deep Dwarf Fighter)            Turns: 1043, Time: 00:05:10

Health: 0/40       AC:  7    Str: 20    XL:     4   Next: 18%
Magic:  4/4        EV:  7    Int:  8    God:
Gold:   86         SH:  9    Dex: 13    Spells: 3/3 levels left

rFire    . . .     SeeInvis +   k - +2 dagger (venom)
rCold    . . .     Gourm    .   c - +0 shield
rNeg     . . .     Faith    .   b - +0 scale mail
rPois    .         Spirit   .   (no helmet)
rElec    .         Reflect  .   (no cloak)
rCorr    .         Harm     .   (no gloves)
MR       .....                  (no boots)
Stlth    ..........             (no amulet)
HPRegen  0.00/turn              l - ring of see invisible
MPRegen  0.09/turn              (no ring)

@: non-regenerating
A: damage resistance, heal wounds, sense surroundings 1, no regeneration
a: Heal Wounds


You were on level 3 of the Dungeon.
You were hungry.

You visited 1 branch of the dungeon, and saw 3 of its levels.

You collected 86 gold pieces.

Inventory:

Hand Weapons
 a - a +0 war axe
 k - a +2 dagger of venom (weapon)
Armour
 b - a +0 scale mail (worn)
 c - a +0 shield (worn)
Jewellery
 l - a ring of see invisible (left hand)
Scrolls
 e - a scroll of identify {unknown}
 g - a scroll of enchant armour {unknown}
 i - 2 scrolls of remove curse {unknown}
Potions
 d - a potion of might
 h - a potion of agility {unknown}
 j - 2 potions of curing {unknown}
 m - 2 potions of mutation {unknown}
 n - a potion of berserk rage {unknown}
Comestibles
 f - 2 rations


   Skills:
 + Level 2.9 Fighting
 + Level 0.2 Short Blades
 + Level 3.1 Axes
 + Level 4.0 Armour
 + Level 0.4 Dodging
 + Level 4.0 Shields


You had 3 spell levels left.
You didn't know any spells.
Your spell library was empty.

Dungeon Overview and Level Annotations

Branches:
Dungeon (3/15)

Altars:

Annotations:
D:3 Robin


Innate Abilities, Weirdness & Mutations

You are resistant to damage.
You can heal yourself by infusing magical energy.
You passively map a small area around you.
You do not regenerate.


Message History

Robin throws the goblin at you! The goblin hits you but does no damage.
You hit the goblin.
You kill the goblin!
You hit the goblin but do no damage.
The goblin unwields a +0 hunting sling.
You block the goblin's attack.
You hit the goblin.
The goblin is poisoned.
The goblin is moderately wounded.
The goblin hits you but does no damage.
You completely miss the goblin.
The goblin is severely wounded.
You kill the goblin!
You hit the hobgoblin.
You kill the hobgoblin!
Robin throws the goblin at you!
You hit the goblin.
You kill the goblin!
You block the goblin's attack.
You closely miss the goblin.
Robin is no longer unusually resistant.
The goblin hits you but does no damage. The goblin hits you.
You die...

###################
#..)..............#
#.##########......# #.#
#......# #####.# #......#
#.<...# #.#############
####### #g# #......# #@#
#......#
#########g######......####
#>......ggg(..gg..........
#.........l...l.g.........
#.######'#########...#####
#...##≈≈.≈≈≈### #...#
##.##≈≈....≈≈≈## #...#
#.#≈≈.....[.≈≈###..)#
#.#≈.........≈≈##..g#


You could see Robin, a hobgoblin, 3 goblins and a frilled lizard.

Vanquished Creatures
  3 gnolls (D:3)
  2 worms (D:2)
  A dart slug (D:1)
  A giant cockroach (D:3)
  10 goblins
  6 hobgoblins
  6 jackals (D:1)
  3 kobolds (D:1)
  5 bats (D:1)
  A frilled lizard (D:1)
  A rat (D:1)
39 creatures vanquished.

Notes
Turn   | Place    | Note
-------+----------+-------------------------------------------
     0 | D:1      | Darlock the Deep Dwarf Fighter began the quest for the Orb.
     0 | D:1      | Reached XP level 1. HP: 20/20 MP: 1/1
   328 | D:1      | Reached XP level 2. HP: 27/27 MP: 2/2
   648 | D:1      | Reached XP level 3. HP: 18/33 MP: 3/3
   905 | D:3      | Reached XP level 4. HP: 4/40 MP: 4/4
  1012 | D:3      | Noticed Robin
  1027 | D:3      | HP: 2/40 [goblin[Robin] (2)]
  1035 | D:3      | HP: 1/40 [goblin[Robin] (1)]
  1043 | D:3      | Slain by a goblin

Levels and vault maps discovered:
D:1:      dpeg_arrival_rooms_c, layout_loops_corners
D:2:      layout_loops_cross, grunt_temple_overflow_open,
          minmay_misc_feat_four_crosses
D:3:      layout_basic, first_ration, serial_forest,
          infiniplex_forest_clump_long, infiniplex_forest_end_2,
          infiniplex_forest_clump_long, infiniplex_forest_zigzag_2,
          infiniplex_forest_straight_3, infiniplex_forest_corner_2,
          kennysheep_potato, uniq_robin, uniq_terence

Skill      XL: |  1  2  3 |
---------------+----------+-----
Axes           | 3 |  3.1
Armour         | 4 |  4.0
Shields        | 4 |  4.0
Fighting       | |  2.9
Short Blades   | |  0.2
Dodging        | |  0.4

Action                   |  1- 3 |  4- 6 || total
-------------------------+-------+-------++-------
Melee: War axe           |    86 |       ||    86
       Dagger            |    38 |    10 ||    48
Armor: Scale mail        |    50 |    10 ||    60
Dodge: Dodged            |    39 |     5 ||    44
Block: Shield            |    77 |     9 ||    86
